 Dungeon Crawl Stone Soup version 0.28.0-43-g3370ac3207 (webtiles) character file.

Game seed: 1085540848388940693

30 silky the Cudgeller (level 3, -17/33 HPs)
             Began as a Minotaur Chaos Knight on Mar 30, 2022.
             Was a Plaything of Xom.
             Demolished by a soul eater (22 damage)
             ... summoned by Xom
             ... on level 2 of the Dungeon.
             The game lasted 00:03:31 (1619 turns).

silky the Cudgeller (Minotaur Chaos Knight)         Turns: 1619, Time: 00:03:31

Health: -17/33     AC:  6    Str: 14      XL:     3   Next: 3%
Magic:  2/2        EV: 11    Int:  9      God:    Xom [......]
Gold:   74         SH:  0    Dex: 14 (15) Spells: 2/2 levels left

rFire   . . .      SeeInvis .   a - +0 mace (chaos)
rCold   . . .      Faith    .   (no shield)
rNeg    . . .      Spirit   .   b - +3 leather armour
rPois   .          Reflect  .   (helmet restricted)
rElec   .          Harm     .   (no cloak)
rCorr   .          Rampage  .   (no gloves)
Will    .....                   (no boots)
Stlth   +.........              (no amulet)
HPRegen 0.11/turn               c - ring of flight
MPRegen 0.08/turn               f - +6 ring of dexterity

@: flying
A: horns 2, retaliatory headbutt, weak 2
a: Renounce Religion


You were on level 2 of the Dungeon.
You worshipped Xom.
You were a very special plaything of Xom.
You visited 1 branch of the dungeon, and saw 2 of its levels.

You collected 74 gold pieces.

Inventory:

Hand Weapons
 a - a +0 mace of chaos (weapon)
Armour
 b - a +3 leather armour (worn)
Jewellery
 c - a ring of flight (left hand)
 f - a +6 ring of dexterity (right hand)
Scrolls
 i - a scroll of magic mapping
 k - 2 scrolls of immolation
Potions
 e - a potion of curing {unknown}


   Skills:
 + Level 4.1 Fighting
 + Level 4.4 Maces & Flails
 + Level 2.7 Armour
 + Level 1.4 Dodging


You had 2 spell levels left.
You didn't know any spells.
Your spell library contained the following spells:

 Spells                   Type           Power      Damage    Failure   Level
 Dazzling Flash           Conj/Hex       0%         N/A       83%         3
 Leda's Liquefaction      Hex/Erth       0%         N/A       99%         4
 Petrify                  Tmut/Erth      0%         N/A       99%         4
 Agony                    Necr           0%         N/A       100%        5
 Lee's Rapid Deconstruct  Erth           0%         3d5*      100%        5
 Silence                  Hex/Air        0%         N/A       100%        5


Dungeon Overview and Level Annotations

Branches:
Dungeon (2/15)

Altars:
Xom


Innate Abilities, Weirdness & Mutations

You have a pair of horns on your head.
You reflexively headbutt those who attack you in melee.
You are very weak. (Str -4)


Message History

You kill the quokka!
You have reached level 3!
Your experience leads to an increase in your attributes!
Your base attributes are Str 16, Int 9, Dex 9.
Increase (S)trength, (I)ntelligence, or (D)exterity?
You feel stronger. x2
You see here a ball python corpse.
Found 13 stones.
A hobgoblin comes into view.
The hobgoblin shouts!
The hobgoblin is attracted toward you.
A hobgoblin is nearby!
You completely miss the hobgoblin. The hobgoblin misses you.
You hit the hobgoblin but do no damage. You headbutt the hobgoblin.
The hobgoblin is heavily wounded.
The hobgoblin misses you. The hobgoblin closely misses you.
You closely miss the hobgoblin. You headbutt the hobgoblin.
You kill the hobgoblin!
Found a rapier.
You feel less attractive to monsters.
You pick up a book of the Senses and begin reading...
You add the spells Dazzling Flash, Agony and Silence to your library.
You feel your willpower return.
Xom's malign attention turns to you for a moment.
Your body is wracked with pain!
You pick up Sif Muna's Collected Works on the Fetching Mountains and begin reading...
You add the spells Leda's Liquefaction, Petrify and Lee's Rapid Deconstruction to your library.
You start resting. "Time to have some fun!"
The ice devil closely misses you.
You hit the ice devil but do no damage. You headbutt the ice devil!
The ice devil is moderately wounded.
The ice devil hits you. The ice devil freezes you!
* * * LOW HITPOINT WARNING * * *
You barely miss the ice devil.
The ice devil is moderately wounded.
The soul eater hits you!!
Ouch! That really hurt!
You die...
Xom titters!

*,******* *,***,,,,,*,*****,,
*,,,,,,,* *,,**.....#,* *,,
*******,* *,,**.....#,* *,, *,*
*,,,*.....*,* *,, *,*
*,*,#....,*,* *,,
########**,****,*,...#,**,* ***
.........,,,,,,,**...#,**,* ****
..........****####...#.##,****,,,
.......(..# #.@3.......,,,*,,,,
..........# ###4###..#...,*,*,,,,
..........# #.....#,...#,,,,*,,,,
..........# #.#.#.#,,..#,,,,,,,,,
..........# #.#.#...,,...,***,,,,
..........# #.#..,...,,..,,,,,,,,
..........# #.######..#*#,****,,,
..........# #.# *#.#**,,,,,,,,
..........# #.# *.#,,,,,,,<,,


You could see a soul eater (summoned) and an ice devil (summoned).

Vanquished Creatures
  A dart slug (D:1)
  2 endoplasms (D:1)
  A giant cockroach (D:1)
  2 goblins (D:1)
  2 hobgoblins
  3 jackals (D:1)
  A quokka (D:2)
  5 ball pythons
  4 bats (D:1)
  2 frilled lizards (D:1)
  4 kobolds (D:1)
  2 rats (D:1)
29 creatures vanquished.

Notes
Turn   | Place    | Note
-------+----------+-------------------------------------------
     0 | D:1      | silky the Minotaur Chaos Knight began the quest for the
                  | Orb.
     0 | D:1      | Reached XP level 1. HP: 19/19 MP: 0/0
   191 | D:1      | Reached XP level 2. HP: 12/27 MP: 1/1
   228 | D:1      | XOM: silly message
   362 | D:1      | XOM: divination: detect items
   626 | D:1      | XOM is BORED!
   626 | D:1      | XOM: stat loss: -1 Dex (14/15)
   771 | D:1      | XOM: divination: detect items
   787 | D:1      | Found a faded altar of an unknown god.
   977 | D:1      | XOM: give mutations
   977 | D:1      | Gained mutation: You are weak. (Str -2) [Xom's mischief]
   977 | D:1      | Gained mutation: You are very weak. (Str -4) [Xom's
                  | mischief]
   983 | D:1      | XOM: scenery: create altars
  1511 | D:2      | Reached XP level 3. HP: 33/33 MP: 2/2
  1550 | D:2      | XOM: torment (18/33 hp)
  1551 | D:2      | Got Sif Muna's Collected Works on the Fetching Mountains
  1616 | D:2      | XOM: summons 2 hostile demons
  1617 | D:2      | Noticed an ice devil
  1617 | D:2      | Noticed a soul eater
  1619 | D:2      | Demolished by a soul eater

Illustrated notes

Levels and vault maps discovered:
D:1:      elethiomel_arrival_maze, layout_basic,
          shapermc_ecumenical_altar_pompeii, minmay_tromino_v2
D:2:      layout_basic, basic_altar

Skill      XL: |  1  2 |
---------------+-------+-----
Maces & Flails | 4 |  4.4
Fighting       | 4 |  4.1
Armour         | |  2.7
Dodging        | |  1.4

Action                   || total
-------------------------++-------
Melee: Mace              ||    49
       Headbutt          ||     8
  Use: Scroll            ||     5
       Potion            ||     1
 Stab: Sleeping          ||     1
Armor: Leather armour    ||    21
Dodge: Dodged            ||    42
